 Dungeon Crawl Stone Soup version 0.31-a0-702-gf82c85558f (webtiles) character file.

Game seed: 17224091070949616018

786 qw the Skirmisher (level 7, -2/44 HPs)
             Began as a Gargoyle Hunter on Sept 8, 2023.
             Slain by a gnoll bouda
             ... wielding a +0 whip
              (8 damage)
             ... on level 6 of the Dungeon.
             The game lasted 00:01:31 (3879 turns).

qw the Skirmisher (Gargoyle Hunter)                 Turns: 3879, Time: 00:01:32

Health: -2/44      AC: 12    Str: 15    XL:     7   Next: 86%
Magic:  7/7        EV: 11    Int:  9    God:
Gold:   298        SH:  5    Dex: 15    Spells: 6/6 levels left

rFire   + . .        d - +3 shortbow
rCold   + + .        (shield currently unavailable)
rNeg    + . .        n - +0 ring mail
rPois   inf          m - +1 helmet
rElec   +            i - scarf {rC+ rF+}
rCorr   .            (no gloves)
SInv    .            (no boots)
Will    +....        g - amulet of reflection
Stlth   +            Y - ring of protection from cold
HPRegen 0.27/turn    j - ring of willpower
MPRegen 0.10/turn

%: reflection
@: weakened
A: sickness immunity, AC +4, negative energy resistance 1, electricity
resistance, torment resistance 1, petrification resistance
a: no special abilities


You were on level 6 of the Dungeon.
You visited 1 branch of the dungeon, and saw 6 of its levels.

You collected 298 gold pieces.


Innate Abilities, Weirdness & Mutations

You are immune to sickness and miasma.
Your stone body is resilient. (AC +4)
You are immune to poison.
You resist negative energy. (rN+)
You are resistant to electric shocks. (rElec)
You are resistant to unholy torment.
You are immune to petrification.


   Skills:
 - Level 5.0 Fighting
 - Level 8.0 Ranged Weapons
 - Level 2.1 Armour
 + Level 1.8 Dodging
 - Level 1.1 Stealth


You had 6 spell levels left.
You didn't know any spells.
Your spell library was empty.

Inventory:

Hand Weapons
 d - a +3 shortbow (weapon)
Armour
 i - a scarf of resistance (worn)
 m - a +1 helmet (worn)
 n - a +0 ring mail (worn)
Jewellery
 g - an amulet of reflection (around neck)
 j - a ring of willpower (right hand)
 k - a ring of protection from cold
 Y - a ring of protection from cold (left hand)
Scrolls
 b - a scroll of identify
 o - a scroll of poison {unknown}
Potions
 a - a potion of degeneration {unknown}
 c - 2 potions of heal wounds {unknown}
 e - a potion of cancellation {unknown}
 f - 3 potions of curing
 h - a potion of ambrosia {unknown}
 l - 2 potions of brilliance {unknown}

Dungeon Overview and Level Annotations

Branches:
Dungeon (7/15)             Temple (0/1) D:6

Altars:
Fedhas

Annotations:
D:7 Jeremiah


Message History

A gnoll comes into view. It is wielding a +0 spear.
You shoot an arrow.
The arrow completely misses the gnoll bouda.
The gnoll bouda hits you with a +0 whip!
You shoot an arrow.
The arrow closely misses the gnoll bouda.
The arrow hits the gnoll!
The gnoll is severely wounded.
The gnoll hits you from afar with a +0 spear.
A gnoll comes into view. It is wielding a +0 spear.
The gnoll bouda gazes fiercely through you!
You feel your attacks grow feeble. The gnoll closely misses you.
You shoot an arrow.
The arrow barely misses the gnoll bouda.
The gnoll bouda barely misses you.
The gnoll hits you from afar with a +0 spear.
The gnoll hits you from afar with a +0 spear!
You shoot an arrow. The arrow hits the gnoll bouda.
The gnoll bouda is moderately wounded.
The gnoll bouda hits you but does no damage.
The gnoll closely misses you. x2
The gnoll bouda hits you with a +0 whip.
You shoot an arrow.
The arrow closely misses the gnoll bouda.
You block the gnoll's attack. The gnoll hits you but does no damage.
The gnoll bouda gazes fiercely through you!
You feel as though you will be weak longer.
The gnoll bouda closely misses you.
You shoot an arrow.
The arrow barely misses the gnoll bouda.
The gnoll is no longer moving quickly.
The gnoll hits you but does no damage.
The gnoll hits you from afar with a +0 spear.
The gnoll bouda barks out a call to the hunt!
The gnoll picks up the pace!
You shoot an arrow.
The arrow barely misses the gnoll bouda.
You block the gnoll's attack. x2
The gnoll bouda hits you with a +0 whip!
You die...

#..####.# #.# #.......#
#.# ##...##### #.#
##.....## ## #.#
#.......## ##.##.####
.........####..<.....####
.........'.......gg....g.
.........####...g)#
#.......## ##..@##
#......## #..## ..#...##
#..####.# .###+##
#.......# .# #.#
##.###### .###.# #.#
...#.## #.# ##....#####
#.# ##.....##.## #.#


You could see a gnoll bouda and 2 gnolls.

Vanquished Creatures
  A water moccasin (D:7)
  Blork the orc (D:6)
  3 killer bees (D:6)
  An orc priest (D:6)
  A hound (D:6)
  A gnoll bouda (D:6)
  3 jellies
  2 iguanas
  Terence (D:2)
  An orc wizard (D:6)
  4 adders
  5 gnolls (D:6)
  3 shadow imps (D:6)
  An ufetubus (D:3)
  3 dart slugs
  2 orcs
  8 endoplasms
  4 giant cockroaches
  5 goblins
  7 hobgoblins
  4 jackals (D:2)
  4 quokkas
  4 ball pythons
  3 bats
  6 frilled lizards
  14 kobolds
  6 rats
98 creatures vanquished.

Notes
Turn   | Place    | Note
-------+----------+-------------------------------------------
     0 | D:1      | qw the Gargoyle Hunter began the quest for the Orb.
     0 | D:1      | Reached XP level 1. HP: 12/12 MP: 1/1
     0 | D:1      | 0 ||| qw: Version: 0.3-a-76-g4403597
     0 | D:1      | 0 ||| qw: Game counter: 972
     0 | D:1      | 0 ||| qw: Melee chars always use a shield: true
     0 | D:1      | 0 ||| qw: God list: Okawaru
     0 | D:1      | 0 ||| qw: Allow faded altars: false
     0 | D:1      | 0 ||| qw: Do Orc after clearing Dungeon:15 true
     0 | D:1      | 0 ||| qw: Do second Lair branch before Depths: true
     0 | D:1      | 0 ||| qw: Lair rune preference: random
     0 | D:1      | 0 ||| qw: Goals: Normal
     0 | D:1      | 0 ||| PLANNING D:1-11
    77 | D:1      | Reached XP level 2. HP: 17/17 MP: 2/2
   466 | D:1      | Reached XP level 3. HP: 21/21 MP: 3/3
   534 | D:1      | Reached skill level 5 in Ranged Weapons
   757 | D:1      | 757 ||| UPGRADING to ring of protection from cold.
   758 | D:1      | 758 ||| READING scroll labelled NACSUCIAMM.
   759 | D:1      | 759 ||| READING scroll labelled YNKEAR ZAELAWO.
   762 | D:1      | 762 ||| DROPPING scroll of butterflies.
  1047 | D:2      | 1047 ||| Stepping ~*~*~tactically~*~*~ (outnumbered).
  1053 | D:2      | Reached skill level 3 in Fighting
  1123 | D:2      | Noticed Terence
  1147 | D:2      | Killed Terence
  1148 | D:2      | Reached XP level 4. HP: 17/28 MP: 4/4
  1445 | D:2      | Found a faded altar of an unknown god.
  1855 | D:2      | 1855 ||| UPGRADING to +0 ring mail.
  1865 | D:2      | 1865 ||| DROPPING +0 leather armour.
  1866 | D:2      | 1866 ||| UPGRADING to amulet of reflection.
  1871 | D:2      | 1871 ||| READING scroll labelled UTZUIR VEFAMN.
  1872 | D:2      | 1872 ||| READING scroll labelled IFIAFOCOTH.
  1873 | D:2      | 1873 ||| READING 2 scrolls labelled OSIWKO ROWUMPU.
  1874 | D:2      | 1874 ||| READING scroll labelled XUKUIGO OCUUNE.
  1875 | D:2      | 1875 ||| READING scroll labelled HEIMMOPR TUECIDDU.
  1876 | D:2      | 1876 ||| READING scroll labelled DAFISYPS ZEMU.
  1877 | D:2      | 1877 ||| DRINKING 3 emerald potions.
  1878 | D:2      | 1878 ||| DROPPING scroll of immolation.
  1978 | D:3      | Reached skill level 1 in Armour
  1978 | D:3      | Reached XP level 5. HP: 32/32 MP: 5/5
  2463 | D:3      | Identified the +8 mace "Byiwuig" {drain, rPois rC+ Int+3}
  2478 | D:3      | 2478 ||| READING scroll of enchant weapon.
  2478 | D:3      | 2478 ||| ENCHANTING +1 shortbow.
  2503 | D:3      | 2503 ||| UPGRADING to scarf of resistance.
  2508 | D:3      | 2508 ||| DROPPING amulet of guardian spirit.
  2509 | D:3      | 2509 ||| UPGRADING to ring of protection from cold.
  2536 | D:4      | Reached skill level 6 in Ranged Weapons
  2726 | D:4      | You fall into a shaft and drop 3 floors!
  2739 | D:7      | Noticed a water moccasin
  2747 | D:7      | Killed a water moccasin
  2748 | D:7      | Reached XP level 6. HP: 38/40 MP: 6/6
  2837 | D:7      | Noticed Jeremiah
  2852 | D:7      | 2852 ||| UPGRADING to +0 helmet.
  2867 | D:7      | 2867 ||| READING scroll of enchant armour.
  2867 | D:7      | 2867 ||| ENCHANTING +0 helmet.
  2867 | D:7      | HP: 9/40 [Jeremiah/divine providence (9)]
  2868 | D:7      | 2868 ||| READING 2 scrolls of teleportation.
  2871 | D:7      | 2871 ||| READING scroll of teleportation.
  2995 | D:7      | 2995 ||| UPGRADING to ring of willpower.
  3006 | D:6      | 3006 ||| PLANNING SEWER
  3073 | D:6      | Noticed Blork the orc
  3084 | D:6      | Killed Blork the orc
  3090 | D:6      | Reached XP level 7. HP: 41/44 MP: 7/7
  3132 | D:6      | Reached skill level 7 in Ranged Weapons
  3183 | D:6      | Found a staircase to the Ecumenical Temple.
  3242 | D:6      | 3242 ||| RETREATING.
  3549 | D:6      | Found a blossoming altar of Fedhas.
  3579 | D:6      | 3579 ||| READING scroll of enchant weapon.
  3579 | D:6      | 3579 ||| ENCHANTING +2 shortbow.
  3603 | D:6      | Reached skill level 8 in Ranged Weapons
  3779 | D:6      | 3779 ||| RIP SEWER
  3800 | D:6      | 3800 ||| PLANNING TEMPLE
  3861 | D:6      | 3861 ||| Stepping ~*~*~tactically~*~*~ (outnumbered).
  3864 | D:6      | 3864 ||| Stepping ~*~*~tactically~*~*~ (outnumbered).
  3876 | D:6      | HP: 9/44 [gnoll bouda/+0 whip (5)]
  3879 | D:6      | Slain by a gnoll bouda

Levels and vault maps discovered:
D:1:      erik_arrival_orb_chamber, layout_basic
D:2:      minmay_general_purpose_star, layout_basic,
          hellmonk_ecumenical_altar_run_dry, minmay_randomly_rotated_circles,
          uniq_terence
D:3:      layout_basic
D:4:      layout_basic
D:6:      layout_loops_corners, fedhas_altar_3,
          minmay_temple_entry_from_below_b, portal_sewer_entry_e,
          uniq_blork_the_orc, uniq_edmund
D:7:      layout_cave_pods, uniq_joseph, uniq_menkaure, uniq_jeremiah

Skill      XL: |  1  2  3  4  5  6  7 |
---------------+----------------------+-----
Ranged Weapons | 5 6 8 |  8.0
Fighting       | 3 4 5 |  5.0
Armour         | 1 2 |  2.1
Dodging        | |  1.8
Stealth        | |  1.1

Action                     |  1- 3 |  4- 6 |  7- 9 || total
---------------------------+-------+-------+-------++-------
   Fire: Shortbow          |   141 |   111 |    95 ||   347
    Use: Scroll            |     2 |    10 |     1 ||    13
         Potion            |       |     1 |       ||     1
 Armour: Leather armour    |    28 |     2 |       ||    30
         Ring mail         |       |    22 |    54 ||    76
  Dodge: Dodged            |    48 |    16 |    34 ||    98
  Block: Other             |       |     5 |    17 ||    22

Table legend:
 A = Non-vault XP
 B = Vault XP
 C = Vault XP percentage of total XP
 D = Non-vault monster count
 E = Vault monster count
 F = Vault count percentage of total count
                 A         B        C        D         E       F
            +---------+---------+-------+---------+---------+-------
      Total |     966 |     157 |  14.0 |      86 |      12 |  12.2
            +---------+---------+-------+---------+---------+-------
        D:1 |      43 |       0 |   0.0 |      28 |       0 |   0.0
        D:2 |      38 |      66 |  63.5 |      16 |      11 |  40.7
        D:3 |      53 |       0 |   0.0 |      13 |       0 |   0.0
        D:4 |      88 |       0 |   0.0 |       8 |       0 |   0.0
        D:6 |     584 |      91 |  13.5 |      19 |       1 |   5.0
        D:7 |     160 |       0 |   0.0 |       2 |       0 |   0.0
            +---------+---------+-------+---------+---------+-------
